 Dungeon Crawl Stone Soup version bcrawl-1.20.1-3-gdcb1fc31ed (webtiles) character file.

Game seed: 7446050176609026558

79 MisterOstroum the Cudgeler (level 4, -2/38 HPs)
             Began as a Sand Dwarf Archaeologist on Feb 2, 2020.
             Slain by a phantom (3 damage)
             ... on level 3 of the Dungeon.
             The game lasted 00:03:10 (1590 turns).

MisterOstroum the Cudgeler (SDAc)                   Turns: 1590, Time: 00:03:11

Health: -2/38      AC:  8    Str: 17    XL:     4   Next: 37%
Magic:  0/4        EV: 10    Int: 14    God:
Gold:   147        SH:  7    Dex:  9    Spells: 3/3 levels left

rFire    . . .     SeeInvis .   a - +0 mace
rCold    . . .     Gourm    .   z - +0 shield
rNeg     . . .     Faith    .   k - +0 ring mail
rPois    .         Spirit   +   c - +1 hat
rElec    .         Reflect  .   s - scarf {Spirit}
rCorr    .         Harm     .   (no gloves)
MR       .....                  d - +1 pair of boots
Stlth    +.........             (no amulet)
HPRegen  0.12/turn              (no ring)
MPRegen  0.09/turn              (no ring)

@: studying Armour, slow
A: small, slowness 1, armour attunement
a: no special abilities


You were on level 3 of the Dungeon.
You were not hungry.

You visited 1 branch of the dungeon, and saw 3 of its levels.

You collected 147 gold pieces.

Inventory:

Hand Weapons
 a - a +0 mace (weapon)
 r - a +0 whip
Missiles
 h - 508 stones (quivered)
 y - 457 sling bullets
Armour
 b - a +1 robe
 c - a +1 hat (worn)
 d - a +1 pair of boots (worn)
 k - a +0 ring mail (worn)
 l - a +0 cloak
 s - a scarf of spirit shield (worn)
 z - a +0 shield (worn)
Jewellery
 o - a cursed -4 ring of intelligence {unknown}
Scrolls
 i - 2 scrolls of remove curse {unknown}
 j - a scroll of immolation {unknown}
 n - a scroll of enchant weapon {unknown}
 p - 4 scrolls of identify {unknown}
 q - a scroll of fog {unknown}
 t - a scroll of enchant armour {unknown}
 w - a scroll of amnesia {unknown}
Potions
 m - a potion of berserk rage {unknown}
 u - a potion of ambrosia {unknown}
 v - a potion of brilliance {unknown}
Books
 g - a manual of Armour
Miscellaneous
 f - an ancient crate
Comestibles
 e - 6 rations {!d}
 x - a chunk of flesh


   Skills:
 + Level 3.0 Fighting
 + Level 3.6 Maces & Flails
 * Level 3.0 Armour
 - Level 2.5 Dodging
 - Level 2.4 Stealth


You had 3 spell levels left.
You didn't know any spells.
Your spell library was empty.

Dungeon Overview and Level Annotations

Branches:
Dungeon (3/12)

Altars:
Lugonu


Innate Abilities, Weirdness & Mutations

You are small and have problems with some larger weapons.
You cover ground slowly.
Armour does not affect your spellcasting.


Message History

The phantom is moderately damaged.
Throwing (i - inventory)
h - 511 stones (quivered)
Press: ? - help, Shift-Dir - straight line, f/p - phantom
Aim: a phantom (moderately damaged)
You throw a stone. The stone closely misses the phantom.
Throwing (i - inventory)
h - 510 stones (quivered)
Press: ? - help, Shift-Dir - straight line, f/p - phantom
Aim: a phantom (moderately damaged)
You throw a stone.
The stone hits the phantom but does no damage.
The phantom is moderately damaged.
The phantom blinks!
Throwing (i - inventory)
h - 509 stones (quivered)
Press: ? - help, Shift-Dir - straight line, f/p - phantom
Aim: a phantom (moderately damaged)
You throw a stone.
The stone hits the phantom but does no damage.
The phantom is moderately damaged.
The phantom barely misses you.
You closely miss the phantom.
The phantom is moderately damaged.
The phantom hits you but does no damage.
You barely miss the phantom.
The phantom is moderately damaged.
The phantom hits you.
You are too injured to fight recklessly!
You barely miss the phantom.
The phantom is moderately damaged.
The phantom hits you but does no damage.
You block the phantom's attack.
You completely miss the phantom.
The phantom is moderately damaged.
The phantom hits you!
You miss the phantom.
The phantom is moderately damaged.
The phantom hits you.
* * * LOW HITPOINT WARNING * * *
You hit the phantom.
The phantom is heavily damaged.
The phantom hits you.
* * * LOW HITPOINT WARNING * * *
The phantom hits you but does no damage.
You sock the phantom!
The phantom is severely damaged.
The phantom blinks!
There is a stone staircase leading down here.
You hit the phantom.
The phantom is severely damaged.
The phantom barely misses you.
You miss the phantom.
The phantom is severely damaged.
The phantom hits you.
* * * LOW HITPOINT WARNING * * *
You barely miss the phantom.
The phantom is severely damaged.
You block the phantom's attack. The phantom hits you.
* * * LOW HITPOINT WARNING * * *
The phantom blinks!
You climb downwards.
A quokka, a jackal and 2 hobgoblins come into view.
The jackal barks!
The hobgoblin shouts!
You hear a shout!
Found a viscous dark potion and a spear.
There is a stone staircase leading up here.
The hobgoblin shouts!
You climb upwards.
The phantom blinks!
There is a stone staircase leading down here.
You climb downwards.
The quokka barely misses you. You block the jackal's attack.
The hobgoblin closely misses you.
The hobgoblin hits you but does no damage.
The quokka bites you.
* * * LOW HITPOINT WARNING * * *
There is a stone staircase leading up here.
The jackal closely misses you. The hobgoblin barely misses you.
The hobgoblin hits you with a +0 club. You block the quokka's attack.
You climb upwards.
There is a stone staircase leading down here.
You block the jackal's attack.
The quokka bites you but does no damage.
The phantom hits you but does no damage.
The hobgoblin misses you. The jackal barely misses you.
The hobgoblin hits you but does no damage.
You climb downwards.
A jackal and a kobold come into view.
The kobold shouts!
There is a stone staircase leading up here.
You block the jackal's attack. The quokka barely misses you.
The phantom hits you but does no damage.
The hobgoblin hits you but does no damage. x2
You climb upwards.
There is a stone staircase leading down here.
The jackal barely misses you. The quokka misses you.
You block the phantom's attack. The jackal barely misses you.
The hobgoblin hits you but does no damage. x2
You climb downwards.
You block the kobold's attack.
There is a stone staircase leading up here.
The quokka bites you but does no damage.
The kobold hits you with a +0 whip.
* * * LOW HITPOINT WARNING * * *
The jackal barely misses you. The phantom hits you.
You die...

#..# #..#
. #..# ..
#..#
##...
#..##.h.
####!h...
#...Wgg#
#r@# #hK#
#..# #..#
#..# #)..
#... #...


You could see a phantom, a quokka, 3 jackals, 2 hobgoblins and a kobold.

Vanquished Creatures
  Terence (D:2)
  An adder (D:2)
  2 dart slugs
  4 leopard geckos
  An orc (D:2)
  A giant cockroach (D:1)
  3 hobgoblins
  A jackal (D:2)
  3 kobolds (D:2)
  A quokka (D:1)
  2 ball pythons
  4 bats
  2 frilled lizards (D:2)
  3 goblins
  9 rats
38 creatures vanquished.

Notes
Turn   | Place    | Note
-------+----------+-------------------------------------------
     0 | D:1      | MisterOstroum the Sand Dwarf Archaeologist began the quest
                  | for the Orb.
     0 | D:1      | Reached XP level 1. HP: 16/16 MP: 1/1
   112 | D:1      | Reached XP level 2. HP: 24/24 MP: 2/2
   516 | D:2      | Reached skill level 1 in Armour
   537 | D:2      | Reached XP level 3. HP: 29/29 MP: 3/3
   582 | D:2      | Noticed Terence
   622 | D:2      | Killed Terence
   959 | D:2      | Reached XP level 4. HP: 30/37 MP: 4/4
  1254 | D:2      | Found a corrupted altar of Lugonu.
  1501 | D:2      | Noticed a phantom
  1581 | D:3      | HP: 1/38 [quokka (2)]
  1590 | D:3      | HP: 1/38 [kobold/+0 whip (1)]
  1590 | D:3      | Slain by a phantom

Skill      XL: |  1  2  3  4 |
---------------+-------------+-----
Maces & Flails | 2 3 |  3.6
Fighting       | 2 3 |  3.0
Armour         | 1 2 3 |  3.0
Dodging        | |  2.5
Stealth        | |  2.4

Action                   |  1- 3 |  4- 6 || total
-------------------------+-------+-------++-------
Melee: Whip              |   131 |    53 ||   184
       Mace              |       |    40 ||    40
Throw: Stone             |       |     7 ||     7
 Stab: Sleeping          |     5 |       ||     5
  Eat: Chunk             |     1 |     2 ||     3
Armor: Robe              |    31 |       ||    31
       Ring mail         |     3 |    38 ||    41
Dodge: Dodged            |    88 |    57 ||   145
Block: Shield            |       |    24 ||    24
